 Dungeon Crawl Stone Soup version 0.32-a0-837-g8d3e27d251 (webtiles) character file.

Game seed: 1652326072659823179

45754 Mousus6 the Severer (level 14, -5/115 HPs)
             Began as a Demonspawn Gladiator on Mar 26, 2024.
             Was a Priest of Beogh.
             Killed by divine providence
             ... invoked by Orkwin the orc apostle
              (15 damage)
             ... on level 3 of the Lair of Beasts.
             The game lasted 00:42:13 (18505 turns).

Mousus6 the Severer (Demonspawn Gladiator)         Turns: 18505, Time: 00:42:14

Health: -5/115     AC: 22    Str: 23    XL:     14   Next: 2%
Magic:  25/25      EV: 10    Int:  9    God:    Beogh [***...]
Gold:   1605       SH:  0    Dex: 13    Spells: 9/13 levels left

rFire   + . .        a - +0 battleaxe
rCold   + . .        (shield currently unavailable)
rNeg    . . .        q - +3 chain mail {rF+}
rPois   .            c - +0 helmet
rElec   .            F - +2 cloak
rCorr   .            (no gloves)
SInv    +            W - +2 pair of boots
Will    +....        H - amulet of faith Stlth
                     L - ring of see invisible
HPRegen 0.39/turn    (no ring)
MPRegen 0.38/turn

%: faith
@: lethally poisoned (-5 -> -8), studying Dodging
A: claws 1, icy blue scales 3, powered by pain 2, magic regeneration, passive
freeze, strong 1
a: Renounce Religion, Smiting, Recall Apostles, Dismiss Ugrim, warrior


You were on level 3 of the Lair of Beasts.
You worshipped Beogh.
Beogh was most pleased with you.
You visited 3 branches of the dungeon, and saw 15 of its levels.
You also visited: Volcano.

You collected 1635 gold pieces.
You spent 30 gold pieces at shops.

Inventory:

Hand Weapons
 a - a +0 battleaxe (weapon)
 y - a +0 quick blade of flaming
 z - a +0 demon blade of flaming
 G - a +0 arbalest of freezing
 S - a +2 great mace
 X - a +2 lajatang of flaming
 Y - a +1 great mace of flaming
Missiles
 e - 6 javelins
 K - 2 curare-tipped darts
 V - 5 boomerangs (quivered)
Armour
 c - a +0 helmet (worn)
 q - a +3 chain mail of fire resistance (worn)
 F - a +2 cloak (worn)
 W - a +2 pair of boots (worn)
Jewellery
 H - an amulet of faith (around neck)
 L - a ring of see invisible (left claw)
Wands
 N - a wand of mindburst (10)
 O - a wand of polymorph (9)
 P - a wand of roots (4)
 Q - a wand of flame (13)
Scrolls
 j - 2 scrolls of amnesia
 l - 3 scrolls of torment
 m - 2 scrolls of enchant weapon
 n - 2 scrolls of blinking
 o - 3 scrolls of identify
 p - 5 scrolls of noise
 r - 6 scrolls of enchant armour
 s - a scroll of silence {unknown}
 t - 2 scrolls of immolation {unknown}
 B - 4 scrolls of fog
Potions
 f - a potion of invisibility {unknown}
 g - 4 potions of enlightenment
 h - a potion of berserk rage {unknown}
 i - 3 potions of mutation
 u - 2 potions of brilliance
 v - a potion of lignification {unknown}
 w - a potion of might
 x - a potion of ambrosia {unknown}
 A - a potion of heal wounds
 C - 3 potions of attraction {unknown}
 D - 3 potions of cancellation {unknown}
 E - 3 potions of haste {unknown}
 J - 2 potions of magic {unknown}


   Skills:
 + Level 12.3 Fighting
 * Level 15.7 Axes
 - Level 1.7 Throwing
 + Level 9.2 Dodging
 + Level 15.0 Invocations


You had 9 spell levels left.
You knew the following spells:

 Your Spells              Type           Power      Damage    Failure   Level
a - Manifold Assault      Tloc           0%         N/A       100%        4

Your spell library contained the following spells:

 Spells                   Type           Power      Damage    Failure   Level
 Kiss of Death            Conj/Necr      0%         2d5       96%         1
 Necrotise                Necr           0%         1d4       96%         1
 Summon Small Mammal      Summ           0%         N/A       96%         1
 Jinxbite                 Hex            0%         N/A       99%         2
 Call Canine Familiar     Summ           0%         N/A       100%        3
 Confusing Touch          Hex            0%         N/A       100%        3
 Fugue of the Fallen      Necr           0%         N/A       100%        3
 Ozocubu's Armour         Ice            0%         N/A       100%        3
 Vampiric Draining        Necr           0%         2d6       100%        3
 Dispel Undead            Necr           0%         3d6       100%        4
 Martyr's Knell           Necr/Summ      0%         N/A       100%        4
 Summon Blazeheart Golem  Fire/Summ      0%         N/A       100%        4
 Curse of Agony           Necr           0%         N/A       100%        5
 Yara's Violent Unravell  Hex/Alch       0%         3d3       100%        5
 Enfeeble                 Hex            0%         N/A       100%        7


Dungeon Overview and Level Annotations

Branches:
Dungeon (10/15)            Temple (0/1) D:7            Lair (3/5) D:9
 Shoals (0/4) Lair:2        Snake (0/4) Lair:2          Orc (2/2) D:9
    Elf (0/3) Orc:2       Volcano (visited)

Altars:
Dithmenos
Hepliaklqana
Makhleb
Wu Jian

Shops:
D:1 (:(([   D:2 [   D:7 [   Orc:2 ?*[[

Annotations:
D:4 exclusion: ice beast, Edmund
Orc:1 4 transporters


Innate Abilities, Weirdness & Mutations

Your facial features are unmistakably orcish.
You have sharp fingernails.
You are completely covered in icy blue scales. (AC +4, rC+)
You sometimes gain power by taking damage.
You regenerate magic rapidly.
A frigid envelope surrounds you and freezes all who hurt you.
Your muscles are strong. (Str +4, Int/Dex -1)


Message History

You hit Orkwin but do no damage.
Orkwin is heavily wounded.
You closely miss the scorpion. You barely miss the scorpion.
You feel sick. The scorpion misses you.
The scorpion stings you but does no damage.
The scorpion is very cold.
The scorpion is severely wounded.
Ugrim hits Orkwin but does no damage.
Unknown command.
Unknown command.
You slash Orkwin!
Orkwin is severely wounded.
You hit the scorpion. You slash the scorpion!
You kill the scorpion!
The scorpion's corpse disappears in a puff of smoke!
You feel sick. Orkwin closely misses you.
The scorpion stings you but does no damage.
The scorpion is very cold.
The scorpion is almost dead.
Ugrim closely misses Orkwin.
Unknown command.
Unknown command.
You closely miss Orkwin.
Orkwin is severely wounded.
You hit the scorpion but do no damage.
You feel sick.
The scorpion stings you but does no damage.
The scorpion is very cold.
You kill the scorpion!
The scorpion's corpse disappears in a puff of smoke!
Orkwin calls down the wrath of Beogh upon you.
Beogh smites you!
* * * LOW HITPOINT WARNING * * *
Ugrim hits Orkwin but does no damage.
Unknown command.
You hit Orkwin but do no damage.
Orkwin is severely wounded.
Orkwin calls down the wrath of Beogh upon you.
Beogh smites you!
You die...
Beogh appreciates Orkwin's killing of a heretic priest.

~P~~P~~~ #~P..~.♣#
##~......# ##
#####.......#####.###
....................
...........#.#....#
.....P###†#.##...##
.....##.....#†.§..#
#....#..#...†..@.#
#...##..###††.o..#
#.......# #††.o§##
#..<#......#(...#
##...##.....#....#
.†...##P.#..##...P#
....†###.#.##....##
.........#.#......
.........#. .....


You could see Orkwin the orc apostle (ally target, divinely empowered) and the
friendly Ugrim the orc apostle (poisoned).

Vanquished Creatures
  A fire dragon (Volcano)
  2 hydras
  7 two-headed ogres
  2 ogre magi
  A boulder beetle (D:10)
  A centaur warrior (D:10)
  5 death yaks (Lair:2)
  A tengu warrior (D:10)
  3 sun demons (Volcano)
  Nergalle (Lair:1)
  3 orc high priests (Orc:2)
  2 skysharks (Lair:2)
  Amaemon (Lair:2)
  6 orc knights
  2 lindwurms (Lair:1)
  A cyclops (D:10)
  A wolf spider (D:10)
  2 ugly things
  2 orc sorcerers (Orc:2)
  Maurice (D:8)
  2 manticores (Lair:2)
  7 kobold blastminers
  An orange demon (Lair:2)
  Joseph (D:8)
  3 smoke demons (Volcano)
  A rust devil (D:10)
  A cane toad (Lair:1)
  A yaktaur (D:10)
  An efreet (D:10)
  2 komodo dragons (Lair:1)
  2 trolls
  A hornet (D:8)
  Grinder (D:6)
  7 blink frogs (Lair:3)
  A slime creature (D:10)
  3 wyverns
  37 yaks
  3 fire bats (Orc:2)
  Grum (D:8)
  3 vampire mosquitoes (Lair:2)
  4 steam dragons
  3 wargs (Orc:2)
  4 nagas (Lair:2)
  A hell hound (Volcano)
  Duvessa (D:6)
  2 water moccasins (Lair:1)
  15 orc warriors
  3 black bears
  7 ogres
  3 wolves (D:8)
  2 centaurs
  A phantom (D:6)
  A kobold brigand (D:8)
  A gnoll sergeant (D:5)
  7 bullfrogs
  2 scorpions
  3 wights (D:10)
  5 killer bees (D:9)
  2 howler monkeys
  3 jellies
  12 orc priests
  2 gnoll boudas
  A hound (D:5)
  An iguana (D:7)
  2 sleepcaps (D:6)
  9 orc wizards
  12 gnolls
  6 adders
  2 ufetubi (D:5)
  4 dart slugs
  A ribbon worm (D:3)
  30 orcs
  8 endoplasms
  4 giant cockroaches
  7 goblins
  6 hobgoblins
  9 kobolds
  3 quokkas
  5 ball pythons
  9 bats
  4 frilled lizards
  4 rats
335 creatures vanquished.

Vanquished Creatures (collateral kills)
  A kobold demonologist (D:7)
  5 yaks
  A wraith (D:7)
  Dowan (D:7)
8 creatures vanquished.

Vanquished Creatures (others)
  An orc apostle (Lair:2)
  A yak (D:10)
  An unseen horror simulacrum (D:10)
  An orc warrior (Orc:1)
  3 orc wizards
  12 orcs
19 creatures vanquished.

Grand Total: 362 creatures vanquished

Notes
Turn   | Place    | Note
-------+----------+-------------------------------------------
     0 | D:1      | Mousus6 the Demonspawn Gladiator began the quest for the
                  | Orb.
     0 | D:1      | Reached XP level 1. HP: 16/16 MP: 1/1
   105 | D:1      | Found Igixent's Book Shop.
   165 | D:1      | Found Ytroh's Antique Weapon Shop.
   188 | D:1      | Gained mutation: You regenerate magic rapidly. [demonic
                  | ancestry]
   188 | D:1      | Reached XP level 2. HP: 22/22 MP: 2/2
   276 | D:1      | Found Uthukybo's Antique Weapon Shop.
   392 | D:1      | Found Seyvote Tuij's Antique Weapon Shoppe.
   627 | D:1      | Found Veamnu's Armour Shoppe.
   734 | D:1      | Gained mutation: You are partially covered in icy blue
                  | scales. (AC +2) [demonic ancestry]
   734 | D:1      | Reached XP level 3. HP: 27/28 MP: 3/3
   914 | D:2      | Found Hedd's Armour Shoppe.
  1322 | D:2      | Found a faded altar of an unknown god.
  1638 | D:2      | Reached XP level 4. HP: 34/35 MP: 4/4
  2460 | D:4      | Noticed an ice beast
  2500 | D:4      | Became a worshipper of Beogh the Shepherd
  2541 | D:4      | Noticed Edmund
  2661 | D:4      | Gained mutation: You sometimes gain a little power by
                  | taking damage. [demonic ancestry]
  2661 | D:4      | Reached XP level 5. HP: 12/41 MP: 5/5
  3099 | D:4      | Found a hazy altar of Hepliaklqana.
  3213 | D:5      | Entered Level 5 of the Dungeon
  3217 | D:5      | Noticed a black bear
  3224 | D:5      | Killed a black bear
  3225 | D:5      | Reached skill level 5 in Axes
  3225 | D:5      | Reached skill level 1 in Invocations
  3270 | D:5      | Gained mutation: You sometimes gain power by taking damage.
                  | [demonic ancestry]
  3270 | D:5      | Reached XP level 6. HP: 27/48 MP: 7/7
  3481 | D:5      | Noticed a two-headed ogre
  3511 | D:5      | Killed a two-headed ogre
  3512 | D:5      | Reached skill level 5 in Fighting
  3512 | D:5      | Reached XP level 7. HP: 34/56 MP: 7/10
  3776 | D:5      | Reached XP level 8. HP: 49/62 MP: 11/11
  4138 | D:6      | Reached skill level 5 in Invocations
  4596 | D:6      | Reached * piety under Beogh
  4804 | D:6      | Noticed Grinder
  4810 | D:6      | Paralysed by Grinder for 4 turns
  4822 | D:6      | Paralysed by Grinder for 4 turns
  4835 | D:6      | Killed Grinder
  5212 | D:6      | Learned a level 4 spell: Manifold Assault
  5863 | D:7      | Noticed Dowan
  5867 | D:7      | Noticed Duvessa
  5879 | D:7      | Killed Dowan
  5951 | D:6      | Gained mutation: A frigid envelope surrounds you and
                  | freezes all who hurt you. [potion of mutation]
  5951 | D:6      | Gained mutation: Your muscles are strong. (Str +4, Int/Dex
                  | -1) [potion of mutation]
  5957 | D:6      | Killed Duvessa
  6132 | D:7      | Found Ninel's Armour Emporium.
  6250 | D:7      | Found a staircase to the Ecumenical Temple.
  6302 | D:7      | Noticed a cyan ugly thing
  6304 | D:7      | Noticed a kobold demonologist
  6310 | D:7      | Noticed an ice devil
  6312 | D:7      | Killed a kobold demonologist
  6313 | D:7      | Gained mutation: You are mostly covered in icy blue scales.
                  | (AC +3) [demonic ancestry]
  6313 | D:7      | Reached XP level 9. HP: 71/71 MP: 12/14
  6328 | D:7      | Killed a cyan ugly thing
  6458 | D:8      | Noticed Joseph
  6538 | D:8      | Killed Joseph
  6699 | D:8      | Reached ** piety under Beogh
  6700 | D:8      | Identified the +3 leather armour "Enycseq" {^Contam rElec
                  | Str+8 Stlth-}
  6780 | D:8      | Noticed a two-headed ogre
  6800 | D:8      | Killed a two-headed ogre
  6801 | D:8      | Reached skill level 10 in Axes
  6801 | D:8      | Reached XP level 10. HP: 46/80 MP: 16/16
  7350 | D:8      | Noticed Maurice
  7357 | D:8      | Killed Maurice
  7734 | D:8      | Noticed Grum
  7755 | D:8      | Killed Grum
  8031 | D:9      | Found a staircase to the Lair.
  8069 | D:9      | Reached skill level 10 in Invocations
  8492 | D:9      | Found a staircase to the Orcish Mines.
  8506 | D:9      | Found a shadowy altar of Dithmenos.
  8578 | D:10     | Entered Level 10 of the Dungeon
  8657 | D:10     | Noticed a green ugly thing
  8665 | D:10     | Killed a green ugly thing
  8703 | D:10     | Noticed a tengu warrior
  8705 | D:10     | Killed a tengu warrior
  8706 | D:10     | Reached XP level 11. HP: 64/87 MP: 11/18
  8770 | D:10     | Noticed a six-headed hydra
  8774 | D:10     | Killed a six-headed hydra
  8838 | D:10     | Found a burning altar of Makhleb.
  9139 | D:10     | Noticed an ogre mage
  9158 | D:10     | Noticed a wolf spider
  9170 | D:10     | Killed a wolf spider
  9553 | D:10     | Noticed a centaur warrior
  9562 | D:10     | Killed a centaur warrior
  9566 | D:10     | Noticed a two-headed ogre
  9571 | D:10     | Killed an ogre mage
  9589 | D:10     | Killed a two-headed ogre
 10221 | D:10     | Noticed a boulder beetle
 10260 | D:10     | Killed a boulder beetle
 10261 | D:10     | Reached skill level 10 in Fighting
 10512 | D:10     | Noticed a two-headed ogre
 10521 | D:10     | Killed a two-headed ogre
 10617 | Orc:1    | Entered Level 1 of the Orcish Mines
 10617 | Orc:1    | Noticed an orc knight
 10944 | Orc:1    | Killed an orc knight
 10945 | Orc:1    | Reached XP level 12. HP: 42/97 MP: 21/21
 10963 | Orc:1    | Noticed a two-headed ogre
 11103 | Orc:1    | Killed a two-headed ogre
 11304 | Orc:1    | Noticed a two-headed ogre
 11313 | Orc:1    | Killed a two-headed ogre
 11584 | Orc:2    | Entered Level 2 of the Orcish Mines
 11593 | Orc:2    | Identified a scroll of acquirement
 11596 | Orc:2    | Acquired a manual of Dodging
 11673 | Orc:2    | Found a dark tunnel.
 11682 | Volcano  | Entered a volcano
 12394 | Volcano  | Noticed a fire dragon
 12414 | Volcano  | Killed a fire dragon
 12510 | Volcano  | HP: 4/99 [sun demon (16)]
 13125 | Orc:2    | Reached skill level 5 in Dodging
 13368 | Orc:2    | Found a staircase to the Elven Halls.
 13619 | Orc:2    | Noticed a two-headed ogre
 13628 | Orc:2    | Noticed an orc high priest
 14089 | Orc:2    | Killed a two-headed ogre
 14288 | Orc:2    | Killed an orc high priest
 14383 | Orc:2    | Noticed an orc high priest
 14385 | Orc:2    | Noticed an orc high priest
 14388 | Orc:2    | Killed an orc high priest
 14388 | Orc:2    | Noticed an ogre mage
 14389 | Orc:2    | Gained mutation: You have sharp fingernails. [demonic
                  | ancestry]
 14389 | Orc:2    | Reached XP level 13. HP: 106/106 MP: 23/23
 14543 | Orc:2    | Paralysed by an orc sorcerer for 2 turns
 14546 | Orc:2    | Found Woxupt's Magic Scroll Shoppe.
 14546 | Orc:2    | Found Giribire's General Store.
 14557 | Orc:2    | Found Xalon's Antique Armour Shoppe.
 14557 | Orc:2    | Found Naoskon's Antique Armour Boutique.
 14565 | Orc:2    | Bought a scroll of teleportation for 30 gold pieces
 15135 | Orc:1    | Found an ornate altar of the Wu Jian Council.
 15135 | Orc:1    | Found a transporter.
 15218 | Orc:1    | Found a transporter.
 15228 | Orc:1    | Found a transporter.
 15245 | Orc:1    | Found a transporter.
 15245 | Orc:1    | Found an ornate altar of the Wu Jian Council.
 15245 | Orc:1    | Noticed an orc warlord
 15407 | Lair:1   | Entered Level 1 of the Lair of Beasts
 15801 | Lair:1   | Noticed Nergalle
 15891 | Lair:1   | Killed Nergalle
 16782 | Lair:2   | Reached skill level 15 in Axes
 16980 | Lair:2   | Reached *** piety under Beogh
 17135 | Lair:2   | Anointed Ugrim the warrior as your apostle
 17388 | Lair:2   | Found a staircase to the Shoals.
 17391 | Lair:2   | Noticed Amaemon
 17398 | Lair:2   | Killed Amaemon
 17403 | Lair:2   | Your ally Ugrim died
 17787 | Lair:2   | Found a staircase to the Snake Pit.
 18481 | Lair:3   | Reached skill level 15 in Invocations
 18481 | Lair:3   | Gained mutation: You are completely covered in icy blue
                  | scales. (AC +4, rC+) [demonic ancestry]
 18481 | Lair:3   | Reached XP level 14. HP: 43/115 MP: 25/25
 18505 | Lair:3   | Killed from afar by Orkwin the orc apostle

Illustrated notes

Levels and vault maps discovered:
D:1:      psy_arrival_whirlpool, layout_loops_ring, serial_shops,
          nicolae_shop_dealshenge, nicolae_shop_scrapyard, shop_fountains,
          nicolae_shop_crystal, shop
D:2:      layout_loops_ring, hellmonk_ecumenical_altar_zigzags, serial_shops,
          nicolae_shop_tiny_statue_garden, chequers_serial_rivers_micro_d
D:3:      layout_loops_ring, elyvilon_altar_3
D:4:      layout_gridville, nicolae_hepliaklqana_hippocampus, kennysheep_donut,
          uniq_edmund
D:5:      layout_basic, lemuel_flame_loot_1
D:6:      layout_basic, uniq_grinder
D:7:      minmay_cornered_nines, layout_rooms, minmay_temple_entry_overgrown,
          serial_shops, shop, uniq_duvessa
D:8:      kennysheep_six_static_rooms, layout_basic,
          mainiacjoe_overflow_six_doors_small, uniq_joseph, uniq_grum,
          uniq_maurice
D:9:      layout_rooms, kennysheep_little_box, lair_entry_dummy
D:10:     layout_basic, demons_altar, minivault_28
Lair:1:   layout_chaotic_city, nicolae_lair_lindhole,
          infiniplex_staircase_pool_2, uniq_nergalle
Lair:2:   layout_loops_ring, minmay_shoals_entry_beasts,
          minmay_snake_entry_guardpost_small, serial_rivers,
          chequers_serial_rivers_room_b, chequers_serial_rivers_micro_d,
          chequers_serial_rivers_room_b, chequers_serial_rivers_small_3,
          chequers_serial_rivers_room_a, chequers_serial_rivers_room_b,
          roderic_carrion_pond, uniq_amaemon
Lair:3:   layout_regular_city, beast_lair_carwin_8, serial_bayou_shore_b
Orc:1:    dreamdust_wu_jian_sword_trials, layout_caves,
          regret_index_minedec_devilstone, nicolae_orc_crystal_geode
Orc:2:    grunt_orc_tribal_feast, layout_caves, nicolae_volcano_entry_batcave

Skill      XL: |  1  2  3  4  5  6  7  8  9 10 11 12 13 |
---------------+----------------------------------------+-----
Axes           | 3 4 5 6 8 10 11 13 14 15 | 15.7
Fighting       | 3 5 6 7 8 10 11 12 | 12.3
Invocations    | 2 4 7 8 10 12 13 15 | 15.0
Dodging        | 6 9 |  9.2
Throwing       | |  1.7

Action                     |  1- 3 |  4- 6 |  7- 9 | 10-12 | 13-15 || total
---------------------------+-------+-------+-------+-------+-------++-------
  Melee: War axe           |   113 |   133 |   187 |       |       ||   433
         Battleaxe         |       |       |     5 |   398 |   258 ||   661
         Lajatang          |       |       |       |       |     3 ||     3
  Throw: Throwing net      |       |     6 |     1 |       |     2 ||     9
         Javelin           |       |       |     7 |     6 |       ||    13
         Dart              |       |       |     1 |     4 |       ||     5
         Boomerang         |       |       |       |    12 |     2 ||    14
 Invoke: Convert to Beogh  |       |     1 |       |       |       ||     1
         Smiting           |       |       |       |    19 |     7 ||    26
         Recruit Apostle   |       |       |       |       |     1 ||     1
  Evoke: Wand              |       |     2 |     7 |    18 |     9 ||    36
    Use: Potion            |       |       |     2 |     5 |     6 ||    13
         Scroll            |       |       |       |    14 |     3 ||    17
   Stab: Sleeping          |     4 |       |       |       |       ||     4
         Held in net/web   |       |     2 |       |       |       ||     2
         Betrayed ally     |       |       |     1 |       |       ||     1
 Armour: Leather armour    |    86 |   111 |       |       |       ||   197
         Ring mail         |       |     3 |   138 |   264 |       ||   405
         Skin              |       |       |       |     2 |       ||     2
         Chain mail        |       |       |       |    67 |   303 ||   370
  Dodge: Dodged            |    87 |    86 |    98 |   187 |   170 ||   628
  Block: Other             |       |       |    14 |    66 |    39 ||   119
         Reflection        |       |       |     2 |     6 |     7 ||    15

Table legend: (Time is in decaauts)
 A = Elapsed time spent in this place.
 B = Non-inter-level travel time spent in this place.
 C = Inter-level travel time spent in this place.
 D = Time resting spent in this place.
 E = Time spent auto-exploring this place.
 F = Levels seen in this place.
 G = Mean time per level.
                   A        B        C        D        E       F      G
               +--------+--------+--------+--------+--------+-----+--------+
         Total |  18669 |  18192 |    477 |   6343 |   8427 |  16 | 1166.8 |
       Dungeon |  11217 |  10923 |    294 |   2898 |   5898 |  10 | 1121.7 |
          Lair |   3127 |   3081 |     46 |   1048 |   1572 |   3 | 1042.3 |
  Orcish Mines |   3089 |   2952 |    137 |   1521 |    831 |   2 | 1544.5 |
       Volcano |   1235 |   1235 |      0 |    875 |    126 |   1 | 1235.0 |
               +--------+--------+--------+--------+--------+-----+--------+

Top non-repeatable levels by time:
   Orc:2: 2235 daAuts
    D:10: 2018 daAuts
  Lair:2: 1665 daAuts
     D:8: 1510 daAuts
     D:6: 1463 daAuts
  Lair:1: 1371 daAuts
 Volcano: 1235 daAuts
     D:9: 1095 daAuts
     D:7: 927 daAuts
     D:5: 924 daAuts
     D:2: 911 daAuts
     D:4: 894 daAuts
   Orc:1: 853 daAuts
     D:1: 779 daAuts
     D:3: 692 daAuts
